 Dungeon Crawl Stone Soup version 0.28.0-43-g3370ac3207 (webtiles) character file.

Game seed: 6741162757369563424

434 GilGalad the Grave Robber (level 7, -1/55 HPs)
             Began as a Ghoul Necromancer on Mar 15, 2022.
             Slain by an iguana (11 damage)
             ... on level 5 of the Dungeon.
             The game lasted 00:12:16 (5342 turns).

GilGalad the Grave Robber (Ghoul Necromancer)       Turns: 5342, Time: 00:12:17

Health: -1/55      AC:  3    Str: 12    XL:     7   Next: 0%
Magic:  4/10       EV: 12    Int: 18    God:
Gold:   221        SH:  0    Dex:  9    Spells: 8/12 levels left

rFire   . . .      SeeInvis .     - Unarmed
rCold   + . .      Faith    .   (no shield)
rNeg    + + +      Spirit   .   t - +0 leather armour
rPois   ∞          Reflect  .   (no helmet)
rElec   .          Harm     .   (no cloak)
rCorr   .          Rampage  .   (no gloves)
Will    .....                   (no boots)
Stlth   ++........              (no amulet)
HPRegen 0.00/turn               l - +4 ring of slaying
MPRegen 0.12/turn               f - +6 ring of intelligence

@: inhibited regen
A: claws 1, cold resistance 1, negative energy resistance 3, inhibited
regeneration, torment resistance 2
a: no special abilities


You were on level 5 of the Dungeon.
You visited 1 branch of the dungeon, and saw 5 of its levels.

You collected 221 gold pieces.

Inventory:

Missiles
 s - a throwing net
Armour
 a - a +0 robe
 t - a +0 leather armour (worn)
 u - a +0 scale mail
Jewellery
 f - a +6 ring of intelligence (right claw)
 l - a +4 ring of slaying (left claw)
 p - a ring of protection from fire
Wands
 r - a wand of iceblast (6)
Scrolls
 b - 3 scrolls of magic mapping {unknown}
 c - a scroll of acquirement {unknown}
 d - 3 scrolls of teleportation {unknown}
 g - 2 scrolls of enchant armour {unknown}
 h - 4 scrolls of identify {unknown}
 i - a scroll of brand weapon {unknown}
 j - a scroll of torment {unknown}
 m - 2 scrolls of summoning {unknown}
 y - a scroll of fog {unknown}
Potions
 e - 2 potions of heal wounds {unknown}
 k - 2 potions of curing {unknown}
 n - a potion of ambrosia {unknown}
 o - a potion of might {unknown}
 q - a potion of magic {unknown}
 v - 2 potions of attraction {unknown}
 w - a potion of brilliance {unknown}
 x - a potion of haste {unknown}


   Skills:
 + Level 2.2 Fighting
 + Level 3.6 Dodging
 - Level 2.4 Stealth
 + Level 2.2 Unarmed Combat
 + Level 3.3 Spellcasting
 + Level 5.3 Necromancy


You had 8 spell levels left.
You knew the following spells:

 Your Spells              Type           Power      Damage    Failure   Level
a - Pain                  Necr           88%        1d8       2%          1
b - Vampiric Draining     Necr           22%        2d7       7%          3

Your spell library contained the following spells:

 Spells                   Type           Power      Damage    Failure   Level
 Animate Skeleton         Necr           44%        N/A       2%          1
 Shock                    Conj/Air       8%         1d3       21%         1
 Animate Dead             Necr           11%        N/A       22%         4
 Agony                    Necr           22%        N/A       54%         5
 Alistair's Intoxication  Tmut/Pois      1%         N/A       99%         5
 Chain Lightning          Conj/Air       1%         3d1       100%        9


Dungeon Overview and Level Annotations

Branches:
Dungeon (5/15)
 Temple: D:4-7

Altars:

Shops:
D:1 !


Innate Abilities, Weirdness & Mutations

You thrive by killing the living.
You are immune to poison.
You have sharp fingernails.
Your flesh is cold resistant. (rC+)
You are immune to negative energy. (rN+++)
You do not regenerate when monsters are visible.
You are immune to unholy pain and torment.


Message History

An adder and a phantom come into view.
The adder hisses angrily.
Found a rapier.
Found an escape hatch in the floor.
Found a stone staircase leading up.
The adder barely resists.
The adder bites you but does no damage.
You miscast Pain.
You are very lightly contaminated with residual magic.
Nothing appears to happen.
The adder bites you.
The adder writhes in agony!
The adder misses you.
An iguana comes into view.
The adder writhes in agony.
The adder closely misses you. The adder bites you.
The adder writhes in agony.
The adder barely misses you.
The adder writhes in agony!
You kill the adder!
You feel better.
You have reached level 7!
You scratch the phantom.
The phantom is lightly damaged.
You scratch the phantom but do no damage.
The phantom is lightly damaged.
The phantom hits you!
The phantom blinks!
You blink.
Found a stone staircase leading down.
Your magical contamination has completely faded away.
You scratch the phantom.
The phantom is moderately damaged.
The phantom closely misses you. The iguana bites you.
You scratch the phantom.
The phantom is heavily damaged.
The phantom completely misses you. The iguana bites you!
You miss the phantom.
The phantom is heavily damaged.
The phantom hits you. The iguana bites you!
* * * LOW HITPOINT WARNING * * *
You scratch the phantom.
The phantom is heavily damaged.
The phantom hits you.
* * * LOW HITPOINT WARNING * * *
The iguana barely misses you. The iguana bites you!
You die...

#### #......####
#......# ##
#......# ..
#......# .#
###.##.# .#
#.##.##.#
#.##....#####
#######.####.......
#.@W.##......######
#..l.######........
#.........#.#######
#.........#.# #
#.........#.# #
##........#.# #
#.<.....##.# #
#.).>...##.# #
#.......†..# ###


You could see a phantom and an iguana.

Vanquished Creatures
  An ice beast (D:5)
  A scorpion (D:5)
  An orc priest (D:3)
  An orc wizard (D:3)
  7 gnolls
  9 adders
  An ufetubus (D:4)
  A worm (D:3)
  2 dart slugs (D:1)
  6 orcs
  2 bats
  4 endoplasms
  8 giant cockroaches
  2 hobgoblins (D:1)
  5 jackals
  4 kobolds
  A quokka (D:2)
  7 ball pythons
  A frilled lizard (D:2)
  4 goblins
  3 rats
71 creatures vanquished.

Notes
Turn   | Place    | Note
-------+----------+-------------------------------------------
     0 | D:1      | GilGalad the Ghoul Necromancer began the quest for the Orb.
     0 | D:1      | Reached XP level 1. HP: 14/14 MP: 2/2
   445 | D:1      | Reached XP level 2. HP: 16/20 MP: 1/3
   994 | D:1      | Found Kedudole's Distillery.
  1181 | D:2      | Reached XP level 3. HP: 8/26 MP: 1/5
  1395 | D:2      | You fall into a shaft and drop 2 floors!
  1440 | D:3      | Got the Incunabulum of Virous Flight
  1675 | D:3      | Reached XP level 4. HP: 27/33 MP: 0/6
  1914 | D:2      | Found a faded altar of an unknown god.
  2191 | D:2      | Reached XP level 5. HP: 38/38 MP: 6/8
  3199 | D:3      | Learned a level 3 spell: Vampiric Draining
  3458 | D:3      | Reached skill level 1 in Fighting
  3458 | D:3      | Reached skill level 1 in Unarmed Combat
  4222 | D:4      | Reached skill level 5 in Necromancy
  4385 | D:5      | Entered Level 5 of the Dungeon
  4511 | D:5      | Reached XP level 6. HP: 47/47 MP: 7/9
  5238 | D:5      | Noticed an ice beast
  5251 | D:5      | Killed an ice beast
  5334 | D:5      | Reached XP level 7. HP: 52/55 MP: 3/10
  5342 | D:5      | Slain by an iguana

Illustrated notes

Levels and vault maps discovered:
D:1:      heliophobic_arrival_ceremonial_halls, layout_loops_corners,
          serial_shops, shop, minmay_splitting_lines
D:2:      layout_loops_ring, shapermc_ecumenical_altar_starsandcircs
D:3:      layout_loops_ring, serial_bayou_pond_e
D:4:      layout_loops_ring
D:5:      layout_basic

Skill      XL: |  1  2  3  4  5  6 |
---------------+-------------------+-----
Dodging        | 2 3 |  3.6
Spellcasting   | 2 3 |  3.3
Fighting       | 1 2 |  2.2
Unarmed Combat | 1 2 |  2.2
Necromancy     | 5 |  5.3
Stealth        | |  2.4

Action                   |  1- 3 |  4- 6 |  7- 9 || total
-------------------------+-------+-------+-------++-------
Melee: Unarmed           |    45 |    30 |     6 ||    81
       Punch             |     1 |       |       ||     1
 Cast: Pain              |    48 |   110 |       ||   158
       Vampiric Draining |       |     1 |       ||     1
 Stab: Sleeping          |       |     1 |       ||     1
Armor: Robe              |    10 |       |       ||    10
       Leather armour    |       |     1 |       ||     1
Dodge: Dodged            |    41 |    29 |     3 ||    73
